Description

Nathanias makes banshees and tanks.

Replay - 2019-10-15 - (P)Hupsaiya VS (T)Nathanias

Build Order

Get SALT Encoding   

  12  0:01  SCV  
  13  0:13  SCV  
  14  0:18  Supply Depot  
  14  0:25  SCV  
  15  0:39  SCV  
  15  0:40  Barracks  
  16  0:45  Refinery  
  16  0:51  SCV  
  17  1:03  SCV  
  18  1:15  SCV  
  19  1:28  Orbital Command, Reaper  
  20  1:46  Command Center  
  20  1:57  SCV  
  20  1:58  Refinery  
  20  2:00  Marine  
  22  2:11  Factory  
  22  2:13  SCV  
  23  2:19  Supply Depot  
  23  2:31  Bunker  
  23  2:32  Barracks Reactor  
  23  2:41  SCV  
  24  2:57  Starport  
  25  3:00  Orbital Command  
  26  3:06  Widow Mine  
  26  3:12  Marine x2  
  32  3:31  Marine x2  
  32  3:33  Widow Mine  
  36  3:38  Medivac  
  39  3:46  Supply Depot  
  40  3:48  Marine x2  
  40  3:54  Widow Mine  
  46  4:07  Supply Depot  
  46  4:08  Marine x2  
  50  4:17  Factory Tech Lab, Starport Tech Lab  
  50  4:29  Marine  
  53  4:35  Refinery x2  
  53  4:38  Siege Tank, Command Center  
  57  4:41  Banshee  
  57  4:45  Cloaking Field  
  56  5:20  Siege Tank  
  55  5:24  Banshee  
  59  5:31  Engineering Bay  
  59  5:41  Factory x2  
  61  5:47  Supply Depot  
  61  5:52  Orbital Command  
  61  5:53  Siege Tank  
  68  6:30  Factory Tech Lab  
  68  6:32  Banshee  
  73  6:34  Bunker  
  78  6:57  Siege Tank x2  
  78  6:58  Widow Mine x2  
  86  7:02  Armory x2  
  86  7:04  Hyperflight Rotors  
  88  7:15  Banshee  
  93  7:22  Widow Mine x2  
  98  7:23  Missile Turret x2  
  98  7:27  Factory x2  
  98  7:35  Missile Turret x3  
  98  7:44  Siege Tank x2  
  98  7:45  Missile Turret  
  98  7:50  Hellion x2  
  108  8:06  Orbital Command  
  108  8:13  Factory Tech Lab, Factory Reactor  
  108  8:15  Banshee  
  108  8:19  Missile Turret x2  
  111  8:22  Refinery x2  
  111  8:25  Sensor Tower  
  115  8:50  Siege Tank, Command Center  
  118  9:02  Banshee  
  118  9:03  Siege Tank  
  118  9:05  Hellbat x4  
  130  9:10  Missile Turret x2  
  130  9:11  Command Center  
  130  9:15  Siege Tank  
  138  9:44  Hellbat  
Spawning Tool Build Advisor. Get it on Overwolf

Go to:

Details

  • Created by: Chanyman
  • Published on: Oct 19, 2019
  • Modified on: Oct 19, 2019
  • Patch: 4.7.1
Show
View Real Time Build Order
Export as new Build Order

Comments (0)

There are no comments. Be the first!

Create an account to comment!